 Dungeon Crawl Stone Soup version 0.27-a0-972-gd1521fd518 (webtiles) character file.

Game seed: 9869312369914722386

6 Glokmah the Charlatan (level 1, -2/9 HPs)
             Began as a Spriggan Artificer on Apr 14, 2021.
             Slain by a hobgoblin (5 damage)
             ... on level 1 of the Dungeon.
             The game lasted 00:01:05 (348 turns).

Glokmah the Charlatan (Spriggan Artificer)           Turns: 348, Time: 00:01:06

Health: -2/9       AC:  2    Str:  8    XL:     1   Next: 75%
Magic:  2/2        EV: 17    Int: 12    God:
Gold:   0          SH:  0    Dex: 15    Spells: 0/0 levels left

rFire    . . .     SeeInvis +   a - +0 dagger
rCold    . . .     Faith    .   (shield restricted)
rNeg     . . .     Spirit   .   b - +0 robe
rPois    .         Reflect  .   (helmet restricted)
rElec    .         Harm     .   (no cloak)
rCorr    .         Rampage  .   (gloves unavailable)
Will     .....                  (boots unavailable)
Stlth    ++........             (no amulet)
HPRegen  0.03/turn              (no ring)
MPRegen  0.08/turn              (no ring)

@: very quick
A: very small, no large weapons, unfitting armour, see invisible, speed 3
a: no special abilities


You were on level 1 of the Dungeon.
You visited 1 branch of the dungeon, and saw 1 of its levels.

Inventory:

Hand Weapons
 a - a +0 dagger (weapon)
Armour
 b - a +0 robe (worn)
Wands
 c - a wand of flame (11) (quivered)
 d - a wand of charming (15)
Scrolls
 f - a scroll of vulnerability {unknown}
 h - a scroll of identify {unknown}
Potions
 g - a potion of magic {unknown}
Miscellaneous
 e - a piece from Xom's chessboard (11/15)


   Skills:
 + Level 0.8 Fighting
 * Level 0.5 Short Blades
 + Level 3.2 Dodging
 * Level 2.0 Stealth
 * Level 4.1 Evocations


You couldn't memorise any spells.
You didn't know any spells.
Your spell library was empty.

Dungeon Overview and Level Annotations

Branches:
Dungeon (1/15)

Altars:


Innate Abilities, Weirdness & Mutations

You are very small and have problems with some larger weapons.
You are too small for most types of armour.
You have supernaturally acute eyesight. (SInv)
You cover ground extremely quickly. (Speed+++)


Message History

You miss the frilled lizard.
The frilled lizard unfolds its giant frill.
The frilled lizard misses you.
You closely miss the frilled lizard. The hobgoblin barely misses you.
The frilled lizard closely misses you.
You barely miss the frilled lizard. The hobgoblin misses you.
The frilled lizard misses you.
You miss the frilled lizard. The hobgoblin barely misses you.
The frilled lizard barely misses you.
You barely miss the frilled lizard. The hobgoblin misses you.
The frilled lizard bites you.
You closely miss the frilled lizard. The hobgoblin hits you.
The frilled lizard bites you.
You barely miss the frilled lizard. The hobgoblin barely misses you.
The frilled lizard misses you.
The frilled lizard completely misses you.
A bat comes into view.
You make a move on Xom's chessboard...
The frilled lizard struggles to resist.
The bat barely misses you. The bat barely misses you.
The bat closely misses you.
You make a move on Xom's chessboard...
The hobgoblin twists and deforms.
The bat completely misses you.
You hit the bat.
The bat is severely wounded.
The bat misses you. The bat hits you but does no damage.
You miss the bat.
The bat is severely wounded.
The bat completely misses you. The bat hits you.
The bat hits you but does no damage.
You make a move on Xom's chessboard...
The hobgoblin twists and deforms.
The bat barely misses you.
You hit the bat.
You kill the bat!
Your Stealth skill increases to level 2!
You make a move on Xom's chessboard...
The frilled lizard struggles to resist.
The hobgoblin hits you.
Ouch! That really hurt!
You die...

............#....##.###
.....#..........)..†..#########
............###.##............##
............# #####............##
.....#......# #..............#
.....#......# #..............#
...........#######........(.....#
...#######.....†...............>#
#### #.....g@...............#
##....l...............##
##########..........##
############


You could see a hobgoblin (misshapen) and a frilled lizard.

Vanquished Creatures
  A bat (D:1)
  A giant cockroach (D:1)
  A goblin (D:1)
  A ball python (D:1)
  A frilled lizard (D:1)
  A rat (D:1)
6 creatures vanquished.

Notes
Turn   | Place    | Note
-------+----------+-------------------------------------------
     0 | D:1      | Glokmah the Spriggan Artificer began the quest for the Orb.
     0 | D:1      | Reached XP level 1. HP: 9/9 MP: 2/2
   348 | D:1      | Slain by a hobgoblin

Illustrated notes

Levels and vault maps discovered:
D:1:      dpeg_arrival_pits, layout_rooms

Skill      XL: |  1 |
---------------+----+-----
Stealth        | 2 |  2.0
Fighting       | |  0.8
Short Blades   | |  0.5
Dodging        | |  3.2
Evocations     | |  4.1

Action                   || total
-------------------------++-------
Melee: Dagger            ||    34
Evoke: Wand              ||     4
       Piece from Xom's  ||     4
Armor: Robe              ||     4
Dodge: Dodged            ||    34

Table legend: (Time is in decaauts)
 A = Elapsed time spent in this place.
 B = Non-inter-level travel time spent in this place.
 C = Inter-level travel time spent in this place.
 D = Time resting spent in this place.
 E = Time spent auto-exploring this place.
 F = Levels seen in this place.
 G = Mean time per level.
                   A        B        C        D        E       F      G
               +--------+--------+--------+--------+--------+-----+--------+
         Total |    298 |    298 |      0 |    152 |     49 |   1 |  298.0 |
       Dungeon |    298 |    298 |      0 |    152 |     49 |   1 |  298.0 |
               +--------+--------+--------+--------+--------+-----+--------+

Top non-repeatable levels by time:
     D:1: 298 daAuts
